 Dungeon Crawl Stone Soup version 0.29.1-1-gd02db6906a (webtiles) character file.

Game seed: 5696864593446768605

27502 MisterFreud the Basher (level 13, -3/99 HPs)
             Began as a Gnoll Wanderer on Sept 18, 2022.
             Was an Initiate of Yredelemnul.
             Slain by a sun demon (13 damage)
             ... in a volcano.
             The game lasted 00:25:47 (16885 turns).

MisterFreud the Basher (Gnoll Wanderer)            Turns: 16885, Time: 00:25:47

Health: -3/99      AC: 23    Str: 16    XL:     13   Next: 32%
Magic:  26/26      EV:  9    Int: 13    God:    Yredelemnul [......]
Gold:   585        SH:  5    Dex: 11    Spells: 29/30 levels left

rFire   . . .      SeeInvis .   a - +10 whip "Botseth" {freeze, Will+}
rCold   . . .      Faith    .   (no shield)
rNeg    . . .      Spirit   .   Q - +4 chain mail
rPois   .          Reflect  +   k - +0 helmet
rElec   .          Harm     .   (no cloak)
rCorr   .          Rampage  .   (no gloves)
Will    +....                   m - +1 pair of boots
Stlth   +.........              P - amulet of reflection
HPRegen 0.26/turn               p - +4 ring of slaying
MPRegen 0.20/turn               C - +4 ring of protection

@: no status effects
A: fangs 1, strong nose, distributed training
a: Renounce Religion, Recall Undead Harvest


You were in a volcano.
You worshipped Yredelemnul.
Yredelemnul was aware of your devotion.
You visited 3 branches of the dungeon, and saw 18 of its levels.
You also visited: Bailey and Volcano.

You collected 1051 gold pieces.
You spent 466 gold pieces at shops.

Inventory:

Hand Weapons
 a - the +10 whip "Botseth" (weapon) {freeze, Will+}
   (You found it on level 3 of the Dungeon)

   It freezes those it strikes, dealing additional cold damage.
   It can also slow down cold-blooded creatures.
   Will:      It increases your willpower.
 A - a +4 scimitar of flaming
 K - the +6 trident of the Maze {freeze, rElec rC+ Str-4 Dex+3}
   (You found it on level 8 of the Dungeon)

   It freezes those it strikes, dealing additional cold damage.
   It can also slow down cold-blooded creatures.
   Str:       It affects your strength (-4).
   Dex:       It affects your dexterity (+3).
   rC:        It protects you from cold.
   rElec:     It insulates you from electricity.
 L - a +5 morningstar
 M - the +10 dagger "Viemeidd" {vamp, rF+ Will+ Int+3}
   (You found it on level 8 of the Dungeon)

   It occasionally heals its wielder for a portion of the damage dealt when it
   wounds a living foe.
   Int:       It affects your intelligence (+3).
   rF:        It protects you from fire.
   Will:      It increases your willpower.
Missiles
 f - 10 curare-tipped darts
 v - 5 boomerangs
 J - 3 throwing nets
 N - 11 poisoned darts
Armour
 k - a +0 helmet (worn)
 m - a +1 pair of boots (worn)
 Q - a +4 chain mail (worn)
Jewellery
 p - a +4 ring of slaying (left hand)
 w - a +6 ring of strength
 B - a ring of resist corrosion
 C - a +4 ring of protection (right hand)
 D - a ring of see invisible
 E - a ring of wizardry
 P - an amulet of reflection (around neck)
 R - a ring of poison resistance
 T - a ring of willpower
Wands
 l - a wand of flame (5)
 o - a wand of roots (10)
 H - a wand of quicksilver (1)
Scrolls
 c - 6 scrolls of teleportation
 h - 3 scrolls of blinking
 i - 2 scrolls of silence
 u - 2 scrolls of enchant weapon
 y - 2 scrolls of poison
 F - 3 scrolls of fog
 O - 2 scrolls of identify
 S - 2 scrolls of immolation
 U - 2 scrolls of fear
 Y - a scroll of amnesia
Potions
 b - a potion of invisibility
 d - 5 potions of heal wounds
 e - 5 potions of curing
 g - 3 potions of resistance
 j - 2 potions of berserk rage
 q - 5 potions of cancellation
 r - 4 potions of haste
 s - a potion of ambrosia
 t - 5 potions of might
 x - 2 potions of lignification
 z - 4 potions of magic
 G - 3 potions of mutation
 X - a potion of attraction
 Z - 2 potions of flight
Miscellaneous
 n - a phial of floods
 I - a phantom mirror
 V - a phial of floods


   Skills:
 + Level 8.5 Fighting
 + Level 8.5 Short Blades
 + Level 8.5 Long Blades
 + Level 8.5 Axes
 + Level 13.2 Maces & Flails
 + Level 8.5 Polearms
 + Level 8.5 Staves
 + Level 8.5 Ranged Weapons
 + Level 8.5 Throwing
 + Level 8.9 Armour
 + Level 8.9 Dodging
 + Level 8.5 Stealth
 + Level 8.5 Shields
 + Level 8.5 Unarmed Combat
 + Level 9.0 Spellcasting
 + Level 7.0 Conjurations
 + Level 7.0 Hexes
 + Level 7.0 Summonings
 + Level 7.0 Necromancy
 + Level 8.1 Translocations
 + Level 7.0 Transmutations
 + Level 7.0 Fire Magic
 + Level 7.0 Ice Magic
 + Level 7.0 Air Magic
 + Level 7.0 Earth Magic
 + Level 7.0 Poison Magic
 + Level 9.3 Invocations
 + Level 8.5 Evocations


You had 29 spell levels left.
You knew the following spells:

 Your Spells              Type           Power      Damage    Failure   Level
a - Apportation           Tloc           54%        N/A       5%          1

Your spell library contained the following spells:

 Spells                   Type           Power      Damage    Failure   Level
 Slow                     Hex            96%        N/A       8%          1
 Blink                    Tloc           54%        N/A       8%          2
 Gell's Gravitas          Tloc           27%        N/A       16%         3
 Lesser Beckoning         Tloc           27%        N/A       16%         3
 Confusing Touch          Hex            24%        N/A       24%         3
 Frozen Ramparts          Ice            48%        1d8       24%         3
 Ozocubu's Armour         Ice            24%        N/A       24%         3
 Stone Arrow              Conj/Erth      48%        3d10      24%         3
 Summon Guardian Golem    Hex/Summ       24%        N/A       24%         3
 Tukima's Dance           Hex            24%        N/A       24%         3
 Vampiric Draining        Necr           24%        2d7       24%         3
 Passage of Golubria      Tloc           27%        N/A       45%         4
 Airstrike                Air            12%        2d(2-18)  61%         4
 Animate Armour           Summ/Erth      48%        N/A       61%         4
 Hailstorm                Conj/Ice       24%        3d7       61%         4
 Summon Lightning Spire   Summ/Air       24%        N/A       61%         4
 Manifold Assault         Tloc           27%        N/A       82%         5
 Borgnjor's Vile Clutch   Necr/Erth      12%        N/A       91%         5
 Freezing Cloud           Conj/Ice/Air   12%        6-21      91%         5
 Lightning Bolt           Conj/Air       12%        1d25      91%         5
 Metabolic Englaciation   Hex/Ice        12%        N/A       91%         5
 Yara's Violent Unravell  Hex/Tmut       12%        3d7       91%         5
 Orb of Destruction       Conj           12%        9d7       100%        7
 Spellforged Servitor     Conj/Summ      12%        N/A       100%        7
 Storm Form               Tmut/Air       12%        N/A       100%        7
 Lehudib's Crystal Spear  Conj/Erth      12%        10d4      100%        8
 Polar Vortex             Ice            12%        N/A       100%        9
 Animate Dead             Necr           Unusable   N/A       N/A         4
 Death Channel            Necr           Unusable   N/A       N/A         6

Dungeon Overview and Level Annotations

Branches:
Dungeon (15/15)            Temple (1/1) D:7            Lair (1/5) D:10
    Orc (0/2) D:9          Vaults (0/5) D:14         Bailey (visited)
Volcano (1/1)
 Depths: D:15

Altars:
Cheibriados
Dithmenos
Elyvilon
Fedhas
Gozag
Hepliaklqana
Kikubaaqudgha
Makhleb
Nemelex Xobeh
Okawaru
Qazlal
Ru
Sif Muna
Trog
Uskayaw
Vehumet
Wu Jian
Xom
Yredelemnul
Zin
The Shining One
Jiyva

Shops:
D:4 (   D:5 *   D:7 [   D:10 [

Annotations:
D:3 3 runed translucent doors, mtoz's ghost, amateur GrFi
D:10 3 runed translucent doors, EtherCrawl's ghost, journeyman OpBe
D:13 3 runed translucent doors, Ycyloots's ghost, journeyman DrTm
D:15 Kirke


Innate Abilities, Weirdness & Mutations

You have very sharp teeth.
Your uncanny sense of smell can sniff out nearby items.
Your experience applies equally to all skills.


Message History

Your spectral smoke demon barely misses the sun demon.
Your spectral smoke demon hits the sun demon but does no damage.
Your spectral smoke demon barely misses the sun demon.
As you read the scroll of teleportation, it crumbles to dust.
You feel strangely unstable.
Your hell hound zombie closely misses the sun demon.
The sun demon hits your hell hound zombie!
Your hell hound zombie is engulfed in flames!!
Your hell hound zombie is destroyed!
You can no longer trade souls for undead servants.
Something barely misses your steam dragon zombie.
The sun demon hits your steam dragon zombie!
Your steam dragon zombie is destroyed!
Your surroundings suddenly seem different.
You start resting.
A sun demon is nearby!
You feel much better.
You hit the sun demon but do no damage. You punch the sun demon.
The sun demon is lightly wounded.
The sun demon hits you.
You are engulfed in flames!
You hit the sun demon. You freeze the sun demon.
Your bite misses the sun demon.
The sun demon is lightly wounded.
You block the sun demon's attack.
You whack the sun demon! You freeze the sun demon!
The sun demon is heavily wounded.
You hit the sun demon. You freeze the sun demon.
Your bite misses the sun demon.
The sun demon is severely wounded.
The sun demon hits you!
* * * LOW HITPOINT WARNING * * *
You are engulfed in flames!
* * * LOW HITPOINT WARNING * * *
You closely miss the sun demon.
The sun demon is severely wounded.
You barely miss the sun demon. You punch the sun demon.
The sun demon is severely wounded.
The sun demon hits you!
You die...
Your body rises from the dead as a mindless zombie.

....# ##§.§.§..#
....## #§.§§3..#
.....########....##
............###...#
.##.........#####3#
####...§......###.##
#..§........##..##
##.§#..#.....##..#
########....@3..#
#........# ∆
###......# ∆
#.......# #### ∆∆
##......# ..8# ∆
#...##.# ...+ ∆∆
#####..# ...+ ∆∆
##.#..# ..8# ∆
##....##


You could see a sun demon.

Vanquished Creatures
  An orc warlord (Bailey)
  2 boulder beetles
  2 dancing weapons (D:14)
  A two-headed ogre (D:12)
  3 centaur warriors
  Nergalle (D:10)
  Sonja (D:13)
  A sun demon (Volcano)
  A skeletal warrior (D:11)
  2 deep elf pyromancers
  3 orc knights
  Pikel (D:6)
  A cyclops (D:13)
  5 ugly things
  2 smoke demons (Volcano)
  An efreet (D:14)
  A tengu conjurer (D:14)
  A troll (shapeshifter) (D:13)
  Prince Ribbit (D:6)
  A hornet (D:10)
  4 trolls
  A centaur simulacrum (D:14)
  2 wyverns
  2 vampires
  3 wraiths
  3 yaks (D:12)
  5 steam dragons
  4 hogs
  8 vampire mosquitoes
  Menkaure (D:6)
  A water moccasin (D:5)
  A hell hound (Volcano)
  2 acid dragons
  3 black bears
  9 orc warriors
  An ice beast (D:6)
  A boggart (D:14)
  3 centaurs
  4 lemures (D:6)
  2 kobold brigands
  A necrophage (D:6)
  4 bullfrogs
  4 scorpions
  5 gnoll sergeants
  12 wights
  3 killer bees (D:11)
  6 howler monkeys
  6 jellies
  3 orc priests (D:9)
  4 hounds
  2 gnoll boudas (D:8)
  3 iguanas
  Ijyb (D:3)
  11 orc wizards
  37 gnolls
  6 adders
  2 white imps
  3 ufetubi (D:6)
  4 worms
  3 dart slugs
  38 orcs
  2 ball pythons
  A bat (D:1)
  5 endoplasms
  A giant cockroach (D:3)
  20 goblins
  15 hobgoblins
  4 jackals (D:8)
  4 frilled lizards
  7 kobolds
  4 rats
313 creatures vanquished.

Vanquished Creatures (collateral kills)
  A hydra (D:14)
  2 skeletal warriors (D:11)
  A cyclops (D:11)
  A manticore (D:12)
  A vampire mosquito (D:12)
  A centaur (D:9)
  2 boggarts (D:14)
  A bullfrog (D:8)
  2 gnoll sergeants (D:8)
  3 electric eels (D:9)
  2 orc priests (D:9)
  4 gnolls
  6 orcs
  A hobgoblin (D:9)
  3 kobolds (D:9)
31 creatures vanquished.

Vanquished Creatures (others)
  A centaur zombie (D:14)
  A spectral sun demon (Volcano)
  A hog (D:15)
  2 spectral smoke demons (Volcano)
  A wyvern zombie (D:9)
  A hell hound zombie (Volcano)
  A troll zombie (D:9)
  A bullfrog zombie (D:9)
  2 boggart zombies (D:14)
  2 steam dragon zombies (Volcano)
  A jelly zombie (D:9)
  6 gnoll zombies
  2 kobold zombies (D:9)
  11 orc zombies
  28 fungi
  15 plants
76 creatures vanquished.

Grand Total: 420 creatures vanquished

Notes
Turn   | Place    | Note
-------+----------+-------------------------------------------
     0 | D:1      | Reached skill level 10 in Maces & Flails
     0 | D:1      | MisterFreud the Gnoll Wanderer began the quest for the Orb.
     0 | D:1      | MisterFreud set off with the following items: a +2 mace, a
                  | +0 ring mail, a scroll of teleportation; and the following
                  | spell memorised: Apportation; and the following spells
                  | available to memorise: Gell's Gravitas.
     0 | D:1      | Reached XP level 1. HP: 13/13 MP: 4/4
   130 | D:1      | Reached XP level 2. HP: 17/19 MP: 5/5
   979 | D:2      | Reached XP level 3. HP: 25/25 MP: 7/7
  1136 | D:2      | Found a faded altar of an unknown god.
  1310 | D:2      | Reached skill level 1 in Invocations
  1601 | D:3      | You fall into a shaft and drop 3 floors!
  1739 | D:6      | Reached skill level 1 in Fighting
  1739 | D:6      | Reached skill level 1 in Short Blades
  1739 | D:6      | Reached skill level 1 in Long Blades
  1739 | D:6      | Reached skill level 1 in Axes
  1739 | D:6      | Reached skill level 1 in Polearms
  1739 | D:6      | Reached skill level 1 in Staves
  1739 | D:6      | Reached skill level 1 in Ranged Weapons
  1739 | D:6      | Reached skill level 1 in Throwing
  1739 | D:6      | Reached skill level 1 in Stealth
  1739 | D:6      | Reached skill level 1 in Shields
  1739 | D:6      | Reached skill level 1 in Unarmed Combat
  1739 | D:6      | Reached skill level 1 in Evocations
  1739 | D:6      | Reached XP level 4. HP: 22/32 MP: 8/8
  1856 | D:6      | Noticed Prince Ribbit
  2047 | D:6      | Noticed Menkaure
  2055 | D:6      | Killed Menkaure
  2056 | D:6      | Reached skill level 1 in Conjurations
  2056 | D:6      | Reached skill level 1 in Hexes
  2056 | D:6      | Reached skill level 1 in Summonings
  2056 | D:6      | Reached skill level 1 in Necromancy
  2056 | D:6      | Reached skill level 1 in Transmutations
  2056 | D:6      | Reached skill level 1 in Fire Magic
  2056 | D:6      | Reached skill level 1 in Ice Magic
  2056 | D:6      | Reached skill level 1 in Air Magic
  2056 | D:6      | Reached skill level 1 in Earth Magic
  2056 | D:6      | Reached skill level 1 in Poison Magic
  2056 | D:6      | Reached XP level 5. HP: 27/38 MP: 9/9
  2163 | D:5      | Entered Level 5 of the Dungeon
  2165 | D:5      | Noticed a water moccasin
  2178 | D:5      | Killed a water moccasin
  2179 | D:5      | Reached XP level 6. HP: 28/44 MP: 9/11
  2441 | D:4      | Reached XP level 7. HP: 18/51 MP: 12/12
  2928 | D:4      | Identified the +8 dagger of Bodily Harmony {freeze, rC+
                  | Will+ Int+4}
  3023 | D:3      | Found a runed translucent gate.
  3023 | D:3      | Found a runed translucent gate.
  3023 | D:3      | Found a runed translucent gate.
  3026 | D:3      | Noticed mtoz's ghost (amateur GrFi)
  3028 | D:3      | Noticed Ijyb
  3047 | D:3      | Killed Ijyb
  3495 | D:3      | Identified the +10 whip "Botseth" {freeze, Will+}
  3653 | D:3      | Found a hazy altar of Hepliaklqana.
  3916 | D:4      | Found Ufraecewna's Antique Weapon Boutique.
  4544 | D:5      | Identified the +7 mace "Xerphy" {pain, rElec rF- Str+3
                  | Dex+2}
  4576 | D:5      | Found Ywkun's General Store.
  4723 | D:5      | Bought a scroll of teleportation for 42 gold pieces
  5151 | D:6      | Killed Prince Ribbit
  5152 | D:6      | Reached XP level 8. HP: 38/58 MP: 14/14
  5505 | D:6      | Noticed Pikel
  5550 | D:6      | Killed Pikel
  5551 | D:6      | Reached skill level 11 in Maces & Flails
  5684 | D:6      | Reached skill level 5 in Translocations
  5804 | D:6      | Reached XP level 9. HP: 30/65 MP: 16/16
  6098 | D:6      | Reached skill level 5 in Spellcasting
  6458 | D:7      | Reached skill level 5 in Armour
  6458 | D:7      | Reached skill level 5 in Dodging
  6931 | D:7      | Reached skill level 5 in Invocations
  7038 | D:7      | Found a flagged portal.
  7047 | Bailey   | Entered a bailey
  7260 | Bailey   | Noticed an orc knight
  7263 | Bailey   | Noticed an orc knight
  7267 | Bailey   | Killed an orc knight
  7285 | Bailey   | Killed an orc knight
  7286 | Bailey   | Reached skill level 5 in Fighting
  7286 | Bailey   | Reached skill level 5 in Short Blades
  7286 | Bailey   | Reached skill level 5 in Long Blades
  7286 | Bailey   | Reached skill level 5 in Axes
  7286 | Bailey   | Reached skill level 5 in Polearms
  7286 | Bailey   | Reached skill level 5 in Staves
  7286 | Bailey   | Reached skill level 5 in Ranged Weapons
  7286 | Bailey   | Reached skill level 5 in Throwing
  7286 | Bailey   | Reached skill level 5 in Stealth
  7286 | Bailey   | Reached skill level 5 in Shields
  7286 | Bailey   | Reached skill level 5 in Unarmed Combat
  7286 | Bailey   | Reached skill level 5 in Evocations
  7286 | Bailey   | Reached XP level 10. HP: 74/74 MP: 18/18
  7436 | Bailey   | Noticed an orc warlord
  7464 | Bailey   | Killed an orc warlord
  7508 | Bailey   | Acquired the Guidebook on the Winter
  7752 | D:7      | Found a staircase to the Ecumenical Temple.
  7773 | D:7      | Found Lad Hig's Armour Shop.
  7807 | Temple   | Entered the Ecumenical Temple
  7859 | Temple   | Became a worshipper of Yredelemnul the Dark
  8024 | D:8      | Reached * piety under Yredelemnul
  8278 | D:8      | Identified the +6 trident of the Maze {freeze, rElec rC+
                  | Str-4 Dex+3}
  8673 | D:8      | Reached ** piety under Yredelemnul
  8834 | D:8      | Reached *** piety under Yredelemnul
  8899 | D:8      | Identified the +10 dagger "Viemeidd" {vamp, rF+ Will+
                  | Int+3}
  9293 | D:9      | Reached skill level 12 in Maces & Flails
  9314 | D:9      | Reached skill level 5 in Conjurations
  9314 | D:9      | Reached skill level 5 in Hexes
  9314 | D:9      | Reached skill level 5 in Summonings
  9314 | D:9      | Reached skill level 5 in Necromancy
  9314 | D:9      | Reached skill level 5 in Transmutations
  9314 | D:9      | Reached skill level 5 in Fire Magic
  9314 | D:9      | Reached skill level 5 in Ice Magic
  9314 | D:9      | Reached skill level 5 in Air Magic
  9314 | D:9      | Reached skill level 5 in Earth Magic
  9314 | D:9      | Reached skill level 5 in Poison Magic
  9314 | D:9      | Reached XP level 11. HP: 30/81 MP: 21/21
  9329 | D:9      | Found a staircase to the Orcish Mines.
 10041 | D:9      | Found a viscous altar of Jiyva.
 10299 | D:9      | Found a stormy altar of Qazlal.
 10939 | D:10     | Entered Level 10 of the Dungeon
 11062 | D:10     | Found Daanez's Armour Shop.
 11071 | D:10     | Bought a +4 chain mail for 424 gold pieces
 11455 | D:10     | Found a staircase to the Lair.
 11499 | D:10     | Noticed Nergalle
 11521 | D:10     | Killed Nergalle
 11745 | D:10     | Found a runed translucent gate.
 11745 | D:10     | Found a runed translucent gate.
 11745 | D:10     | Found an opulent altar of Gozag.
 11745 | D:10     | Found a runed translucent gate.
 11747 | D:10     | Noticed a centaur warrior
 11747 | D:10     | Noticed EtherCrawl's ghost (journeyman OpBe)
 11748 | D:10     | Noticed a two-headed ogre
 11748 | D:10     | Noticed a wizard
 11749 | D:10     | Noticed a cyan ugly thing
 11896 | D:10     | Found a shadowy altar of Dithmenos.
 11896 | D:10     | Found a bloodstained altar of Trog.
 12189 | D:11     | Noticed a boulder beetle
 12212 | D:11     | Killed a boulder beetle
 12243 | D:11     | Noticed a skeletal warrior
 12246 | D:11     | Noticed a skeletal warrior
 12253 | D:11     | Killed a skeletal warrior
 12261 | D:11     | Killed a skeletal warrior
 12262 | D:11     | Noticed a skeletal warrior
 12274 | D:11     | Killed a skeletal warrior
 12943 | D:11     | Noticed a cyclops
 12954 | D:11     | Killed a cyclops
 12955 | D:11     | Reached **** piety under Yredelemnul
 13085 | D:12     | Noticed a centaur warrior
 13129 | D:12     | Noticed a brown ugly thing
 13145 | D:12     | Killed a brown ugly thing
 13149 | D:12     | Reached XP level 12. HP: 62/91 MP: 23/23
 13173 | D:12     | Killed a centaur warrior
 13725 | D:12     | Noticed a two-headed ogre
 13734 | D:12     | Killed a two-headed ogre
 13817 | D:12     | Reached ***** piety under Yredelemnul
 14248 | D:13     | Noticed Sonja
 14252 | D:13     | Noticed a centaur warrior
 14259 | D:13     | Killed Sonja
 14265 | D:13     | Killed a centaur warrior
 14501 | D:13     | Found a runed translucent gate.
 14501 | D:13     | Found a runed translucent gate.
 14502 | D:13     | Found a runed translucent gate.
 14503 | D:13     | Noticed Ycyloots's ghost (journeyman DrTm)
 14504 | D:13     | Noticed a nine-headed hydra
 14864 | D:14     | Noticed a centaur warrior
 14881 | D:14     | Killed a centaur warrior
 14930 | D:14     | Found a blossoming altar of Fedhas.
 15088 | D:14     | Reached skill level 13 in Maces & Flails
 15379 | D:14     | Noticed a six-headed hydra
 15383 | D:14     | Reached XP level 13. HP: 79/98 MP: 25/25
 15603 | D:14     | Found a gate to the Vaults.
 16123 | D:15     | Entered Level 15 of the Dungeon
 16144 | D:15     | Noticed Kirke
 16282 | Lair:1   | Entered Level 1 of the Lair of Beasts
 16282 | Lair:1   | You fall into a shaft and drop 1 floor!
 16282 | Lair:2   | Found a dark tunnel.
 16309 | Volcano  | Entered a volcano
 16885 | Volcano  | Slain by a sun demon

Illustrated notes

Levels and vault maps discovered:
D:1:      denvon_arrival_waterhouse, layout_basic, minmay_strange_pillars,
          grunt_decor_cap
D:2:      layout_loops_cross, shapermc_ecumenical_altar_acropolis
D:3:      layout_rooms, mainiacjoe_overflow_cross_hatched,
          gammafunk_ghost_nasty_kobolds, cheibrodos_sewer_entry_bend, uniq_ijyb
D:4:      layout_loops_ring, serial_shops, nicolae_shop_hallway_plus,
          kennysheep_generic_room_9
D:5:      layout_loops_ring, serial_shops, shop
D:6:      layout_basic, serial_co_window_serial, co_window_corner_a,
          co_window_of_opportunity_a, co_window_corner_a, co_window_corner_a,
          co_window_paths_a, co_window_paths_b, co_window_of_opportunity_a,
          co_window_of_opportunity_c, co_window_cross_4,
          co_window_of_opportunity_c, co_window_2corner, co_window_paths_e,
          co_window_4corner_a, uniq_prince_ribbit1, uniq_menkaure, uniq_pikel
D:7:      hellmonk_destroyed_diamonds, layout_loops_ring,
          minmay_temple_entry_mist, enter_bailey_2, serial_shops,
          nicolae_diamond_shop
D:8:      layout_cave_pools, serial_gnoll_camp, gnoll_camp_mini_house,
          gnoll_camp_mini_hut, gnoll_camp_mini_house, gnoll_camp_mini_doghouse
D:9:      layout_basic, kennysheep_mini_moat, erik_orc_4,
          minmay_misc_feat_columns, chequers_big_river, chequers_avenue,
          jiyva_altar_1
D:10:     layout_loops_cross, gammafunk_temple_overflow_wave, lair_entry_dummy,
          serial_shops, nicolae_shop_stone, ebering_ghost_gozag,
          dk_noncrumbling_4, uniq_nergalle
D:11:     layout_roguey
D:12:     layout_cave_pools
D:13:     layout_cave_pools, gammafunk_ghost_hydra_chop, uniq_sonja
D:14:     layout_long_grid, erik_vaults_1, fedhas_altar_3
D:15:     grunt_enter_depths_snipers, layout_loops_ring, good_gods_temple_1,
          st_stairs_9, uniq_kirke
Temple:   compressed_dpeg_circular_temple
Lair:1:   layout_cave_pods, ebering_ghost_xom, grunt_megastairs_3,
          uniq_gastronok
Lair:2:   layout_loops_ring, hellmonk_spider_entry_life_and_decay,
          nicolae_volcano_entry_lava_flow, basic_altar, lemuel_fruit_fields,
          serial_bayou_shore_b
Volcano:  hellmonk_smoking_crater

Skill      XL: |  1  2  3  4  5  6  7  8  9 10 11 12 13 |
---------------+----------------------------------------+-----
Maces & Flails | 11 12 13 | 13.2
Invocations    | 1 2 3 4 5 6 7 8 9 |  9.3
Fighting       | 1 2 3 5 6 7 8 |  8.5
Short Blades   | 1 2 3 5 6 7 8 |  8.5
Long Blades    | 1 2 3 5 6 7 8 |  8.5
Axes           | 1 2 3 5 6 7 8 |  8.5
Polearms       | 1 2 3 5 6 7 8 |  8.5
Staves         | 1 2 3 5 6 7 8 |  8.5
Ranged Weapons | 1 2 3 5 6 7 8 |  8.5
Throwing       | 1 2 3 5 6 7 8 |  8.5
Stealth        | 1 2 3 5 6 7 8 |  8.5
Shields        | 1 2 3 5 6 7 8 |  8.5
Unarmed Combat | 1 2 3 5 6 7 8 |  8.5
Spellcasting   | 3 4 5 6 7 8 9 |  9.0
Evocations     | 1 2 3 5 6 7 8 |  8.5
Armour         | 3 4 5 6 7 8 |  8.9
Dodging        | 3 4 5 6 7 8 |  8.9
Conjurations   | 1 2 3 4 5 6 7 |  7.0
Hexes          | 1 2 3 4 5 6 7 |  7.0
Summonings     | 1 2 3 4 5 6 7 |  7.0
Necromancy     | 1 2 3 4 5 6 7 |  7.0
Translocations | 4 5 6 7 8 |  8.1
Transmutations | 1 2 3 4 5 6 7 |  7.0
Fire Magic     | 1 2 3 4 5 6 7 |  7.0
Ice Magic      | 1 2 3 4 5 6 7 |  7.0
Air Magic      | 1 2 3 4 5 6 7 |  7.0
Earth Magic    | 1 2 3 4 5 6 7 |  7.0
Poison Magic   | 1 2 3 4 5 6 7 |  7.0

Action                   |  1- 3 |  4- 6 |  7- 9 | 10-12 | 13-15 || total
-------------------------+-------+-------+-------+-------+-------++-------
Melee: Mace              |    57 |    57 |    67 |       |       ||   181
       Bite              |     3 |     8 |    27 |    79 |    11 ||   128
       Punch             |       |     1 |     7 |    22 |     9 ||    39
       Whip              |       |       |   218 |   554 |   118 ||   890
       Unarmed           |       |       |    14 |       |       ||    14
Throw: Dart              |       |       |       |     3 |     1 ||     4
Invok: Recall Undead Har |       |       |       |     1 |       ||     1
Evoke: Wand              |       |       |       |     1 |       ||     1
  Use: Scroll            |     4 |     4 |     9 |    10 |     4 ||    31
       Potion            |       |       |     4 |       |     2 ||     6
 Stab: Sleeping          |       |       |     2 |     1 |       ||     3
       Distracted        |       |       |       |     5 |       ||     5
Armor: Ring mail         |    13 |    15 |    90 |    55 |       ||   173
       Chain mail        |       |       |       |   163 |    50 ||   213
Dodge: Dodged            |    19 |    38 |   137 |   177 |    32 ||   403
Block: Other             |       |       |       |    45 |    20 ||    65
       Reflection        |       |       |       |     3 |       ||     3
